 Dungeon Crawl Stone Soup version 0.27-a0-1200-g94dc6ad4cf (webtiles) character file.

Game seed: 10215331475571806765

2665 Morbidden the Shield-Bearer (level 9, -4/74 HPs)
             Began as a Demigod Fighter on May 30, 2021.
             Slain by a manticore (16 damage)
             ... on level 7 of the Dungeon.
             The game lasted 00:11:18 (9516 turns).

Morbidden the Shield-Bearer (Demigod Fighter)       Turns: 9516, Time: 00:11:18

Health: -4/74      AC: 13    Str: 29    XL:     9   Next: 14%
Magic:  15/15      EV: 10    Int: 10    God:
Gold:   205        SH: 17    Dex: 16    Spells: 6/11 levels left

rFire    . . .     SeeInvis .   a - +0 long sword
rCold    . . .     Faith    .   e - +0 tower shield
rNeg     . . .     Spirit   .   q - +0 chain mail
rPois    .         Reflect  .   g - +0 helmet
rElec    .         Harm     .   A - +0 cloak
rCorr    .         Rampage  .   F - +0 pair of gloves {Dex+3}
Will     +....                  (no boots)
Stlth    ..........             (no amulet)
HPRegen  0.22/turn              i - ring of willpower
MPRegen  0.14/turn              s - +4 ring of evasion

@: very slightly contaminated, invisible
A: high mp 1, forlorn
a: no special abilities


You were on level 7 of the Dungeon.
You visited 1 branch of the dungeon, and saw 7 of its levels.

You collected 317 gold pieces.
You spent 112 gold pieces at shops.

Inventory:

Hand Weapons
 a - a +0 long sword (weapon)
 b - a +1 dagger of venom
Missiles
 c - 3 boomerangs (quivered)
 u - 3 curare-tipped darts
Armour
 e - a +0 tower shield (worn)
 g - a +0 helmet (worn)
 q - a +0 chain mail (worn)
 A - a +0 cloak (worn)
 F - a +0 pair of gloves of dexterity (worn)
Jewellery
 i - a ring of willpower (left hand)
 n - a ring of resist corrosion
 r - a ring of protection from fire
 s - a +4 ring of evasion (right hand)
 y - a ring of willpower
 I - a ring of magical power
 J - a ring of protection from fire
Wands
 d - a wand of acid (6)
 v - a wand of flame (44)
 x - a wand of paralysis (7)
Scrolls
 f - a scroll of immolation
 h - 4 scrolls of noise
 j - 2 scrolls of enchant armour
 k - a scroll of identify
 o - a scroll of summoning {unknown}
 t - a scroll of fog {unknown}
 z - a scroll of blinking {unknown}
 B - a scroll of enchant weapon {unknown}
 G - 2 scrolls of magic mapping
 H - 2 scrolls of amnesia
Potions
 m - a potion of flight
 p - 2 potions of resistance
 w - a potion of curing {unknown}
 C - a potion of brilliance
 D - a potion of might
 E - a potion of degeneration {unknown}


   Skills:
 * Level 5.2 Fighting
 + Level 3.6(5.0) Short Blades
 * Level 5.2(5.8) Long Blades
 + Level 0.5 Throwing
 + Level 5.3 Armour
 * Level 3.9 Dodging
 + Level 0.3 Stealth
 + Level 5.5 Shields
 * Level 1.8 Spellcasting
 * Level 2.1 Air Magic
 + Level 0.1 Evocations


You had 6 spell levels left.
You knew the following spells:

 Your Spells              Type           Power      Damage    Failure   Level
a - Magic Dart            Conj           4%         1d3       100%        1
b - Airstrike             Air            2%         N/A       100%        4

Your spell library contained the following spells:

 Spells                   Type           Power      Damage    Failure   Level
 Corona                   Hex            0%         N/A       100%        1
 Shock                    Conj/Air       12%        1d3       100%        1
 Summon Small Mammal      Summ           0%         N/A       100%        1
 Blink                    Tloc           N/A        N/A       100%        2
 Call Imp                 Summ           0%         N/A       100%        2
 Ensorcelled Hibernation  Hex/Ice        0%         N/A       100%        2
 Slow                     Hex            0%         N/A       100%        2
 Static Discharge         Conj/Air       3%         N/A       100%        2
 Call Canine Familiar     Summ           0%         N/A       100%        3
 Confusing Touch          Hex            0%         N/A       100%        3
 Conjure Flame            Conj/Fire      0%         6-21      100%        3
 Dazzling Flash           Conj/Hex       0%         N/A       100%        3
 Mephitic Cloud           Conj/Pois/Air  2%         N/A       100%        3
 Summon Guardian Golem    Hex/Summ       0%         N/A       100%        3
 Swiftness                Air            5%         N/A       100%        3
 Tukima's Dance           Hex            0%         N/A       100%        3
 Summon Ice Beast         Ice/Summ       0%         N/A       100%        4
 Summon Lightning Spire   Summ/Air       3%         N/A       100%        4
 Lightning Bolt           Conj/Air       1%         1d12      100%        5


Dungeon Overview and Level Annotations

Branches:
Dungeon (7/15)             Temple (0/1) D:4

Shops:
D:6 *


Innate Abilities, Weirdness & Mutations

Your attributes grow dramatically as you level up.
You have an increased reservoir of magic. (+10% MP)
You shall have no god before yourself.


Message History

The manticore claws you but does no damage.
You are too injured to fight recklessly!
You are too injured to fight recklessly!
You hit the manticore but do no damage.
The manticore looks as sick as possible!
The manticore is moderately wounded.
The manticore bites you but does no damage.
You block the manticore's attack. x3
The manticore claws you but does no damage.
The manticore completely misses you.
Your +1 dagger of venom stops dripping with poison.
a - a +0 long sword (weapon)
Unknown command.
You hit the manticore but do no damage.
The manticore is heavily wounded.
The manticore bites you!
* * * LOW HITPOINT WARNING * * *
The manticore claws you.
* * * LOW HITPOINT WARNING * * *
You block the manticore's attack. The manticore bites you.
* * * LOW HITPOINT WARNING * * *
The manticore claws you but does no damage.
You block the manticore's attack.
Unknown command.
Unknown command.
It was a potion of invisibility.
You fade into invisibility!
The manticore bites you.
* * * LOW HITPOINT WARNING * * *
You block the manticore's attack. x2
You are very lightly contaminated with residual magic.
Unknown command.
Unknown command.
Unknown command.
Unknown command.
Unknown command.
You hit the manticore but do no damage.
The manticore is heavily wounded.
The manticore bites you!
You die...

##...##..#.#.#..###.........##.##
.#....##.......## ##..⌠.⌠..##..#
.#..#..##).)..## ##.....##..##
.#..##..###)### ###.###..##
.+.g...##..)..## ..##H##..##
.##...##..#....## .###.#.##.c#
#...g##..##..#..###. }c###c##.#
#....#.)###..##..#. #}## ##.#.#
#....#.....#.###@#.#. #.#.#
#.........###....H.# #...#
#....#.###)#.....#.# #.#.#
#....#..##..###..#.# ##.#.#
#....##..#..##..###. ##.##.#
#.....##....#..##.##.#####.##..#
#......##.....##...##.....## .##
#..#....###.###..>..###.###..#
#.................#.........#


You could see a manticore (extremely poisoned).

Vanquished Creatures
  A two-headed ogre (D:7)
  A slime creature (D:7)
  A shadow (D:7)
  3 water moccasins
  A black bear (D:6)
  2 ogres (D:5)
  2 centaurs
  A gnoll sergeant (D:7)
  2 scorpions (D:5)
  2 water moccasin skeletons
  A centaur zombie (D:7)
  An orc priest (D:6)
  A centaur skeleton (D:6)
  3 hounds
  A jelly (D:6)
  A bullfrog skeleton (D:6)
  A scorpion zombie (D:5)
  Ijyb (D:5)
  Terence (D:3)
  An iguana (D:2)
  4 orc wizards
  5 gnolls (D:7)
  6 adders
  A white imp (D:5)
  A worm (D:2)
  5 dart slugs
  11 orcs
  7 endoplasms
  3 giant cockroaches (D:1)
  5 goblins
  5 hobgoblins
  10 jackals
  4 kobolds
  2 quokkas
  7 ball pythons
  2 bats (D:1)
  4 rats
110 creatures vanquished.

Notes
Turn   | Place    | Note
-------+----------+-------------------------------------------
     0 | D:1      | Morbidden the Demigod Fighter began the quest for the Orb.
     0 | D:1      | Reached XP level 1. HP: 18/18 MP: 3/3
   465 | D:1      | Reached XP level 2. HP: 21/26 MP: 4/4
  1297 | D:2      | Reached XP level 3. HP: 5/31 MP: 5/5
  1778 | D:2      | Reached skill level 1 in Dodging
  1787 | D:2      | Reached XP level 4. HP: 38/38 MP: 6/6
  2597 | D:3      | Noticed Terence
  3352 | D:3      | Killed Terence
  3833 | D:3      | Reached skill level 1 in Short Blades
  4366 | D:4      | Reached XP level 5. HP: 33/45 MP: 7/7
  4544 | D:4      | Found a staircase to the Ecumenical Temple.
  4572 | D:4      | Noticed a water moccasin
  4590 | D:4      | Killed a water moccasin
  4737 | D:4      | Reached XP level 6. HP: 32/52 MP: 8/8
  5227 | D:5      | Entered Level 5 of the Dungeon
  5228 | D:5      | Noticed Ijyb
  5244 | D:5      | Killed Ijyb
  5915 | D:5      | Reached XP level 7. HP: 53/59 MP: 9/9
  7038 | D:6      | Learned a level 1 spell: Magic Dart
  7145 | D:6      | Reached XP level 8. HP: 50/67 MP: 10/10
  7590 | D:6      | Learned a level 4 spell: Airstrike
  7738 | D:6      | Found Wiso's Assorted Antiques.
  7741 | D:6      | Bought a fuming sapphire potion for 20 gold pieces
  7741 | D:6      | Bought 2 scrolls labelled GILIAF VYHUUT for 46 gold pieces
  7741 | D:6      | Bought a scroll labelled PAOLUB WUNUUD for 23 gold pieces
  7741 | D:6      | Bought a scroll labelled SOYCOWKI OXUAHAGH for 23 gold
                  | pieces
  7847 | D:7      | Noticed a slime creature
  8322 | D:7      | Reached skill level 5 in Shields
  8372 | D:7      | Reached skill level 5 in Armour
  8374 | D:7      | HP: 1/67 [slime creature (15)]
  8385 | D:7      | HP: 3/67 [slime creature (5)]
  8386 | D:7      | Killed a slime creature
  8387 | D:7      | Reached skill level 5 in Fighting
  8387 | D:7      | Reached skill level 1 in Spellcasting
  8387 | D:7      | Reached skill level 1 in Air Magic
  9110 | D:7      | Noticed a two-headed ogre
  9118 | D:7      | Noticed a manticore
  9136 | D:7      | Killed a two-headed ogre
  9137 | D:7      | Reached skill level 5 in Long Blades
  9137 | D:7      | Reached XP level 9. HP: 7/74 MP: 13/15
  9516 | D:7      | Slain by a manticore

Illustrated notes

Levels and vault maps discovered:
D:1:      sevenhm_arrival_forest_fort_large_2, layout_loops_ring,
          hellmonk_ecumenical_altar_arch_garden
D:2:      layout_rooms
D:3:      layout_loops_corners, kennysheep_cross_room, uniq_terence
D:4:      layout_cave_pools, minmay_temple_entry_mist, minmay_misc_feat_chi
D:5:      layout_basic, marbit_many_paths, minmay_misc_feat_tiny,
          amcnicky_mini_corridor_feature, minmay_checkerbox, uniq_ijyb
D:6:      layout_basic, nicolae_vehumet_altar_sigil,
          ashenzari_conservatory_becter, serial_shops, kennysheep_mini,
          nicolae_sextant
D:7:      minmay_the_grid_octo_2x2 [minmay_the_grid_octo_shrine,
          minmay_the_grid_octo_chip, minmay_the_grid_octo_pinwheel,
          minmay_the_grid_octo_prize_single_spiral], layout_basic,
          kennysheep_pointless_box

Skill      XL: |  1  2  3  4  5  6  7  8 |
---------------+-------------------------+-----
Fighting       | 3 4 5 |  5.2
Long Blades    | 2 3 5 |  5.2
Shields        | 3 4 5 |  5.5
Armour         | 3 4 5 |  5.3
Dodging        | 1 2 3 |  3.9
Short Blades   | 1 2 3 |  3.6
Spellcasting   | 1 |  1.8
Air Magic      | 2 |  2.1
Throwing       | |  0.5
Stealth        | |  0.3
Evocations     | |  0.1

Action                   |  1- 3 |  4- 6 |  7- 9 || total
-------------------------+-------+-------+-------++-------
Melee: Dagger            |    84 |   157 |   164 ||   405
       Long sword        |     3 |     5 |    80 ||    88
Throw: Boomerang         |       |     2 |     3 ||     5
Evoke: Wand              |       |       |     2 ||     2
  Use: Scroll            |       |     2 |     5 ||     7
       Potion            |       |     3 |     5 ||     8
 Stab: Paralysed         |       |       |     1 ||     1
Armor: Scale mail        |    35 |    20 |       ||    55
       Chain mail        |       |    55 |   112 ||   167
Dodge: Dodged            |    25 |    38 |    69 ||   132
Block: Kite shield       |    58 |    34 |       ||    92
       Tower shield      |       |   106 |   231 ||   337
       Rpst.: Long sword |       |       |     6 ||     6

Table legend: (Time is in decaauts)
 A = Elapsed time spent in this place.
 B = Non-inter-level travel time spent in this place.
 C = Inter-level travel time spent in this place.
 D = Time resting spent in this place.
 E = Time spent auto-exploring this place.
 F = Levels seen in this place.
 G = Mean time per level.
                   A        B        C        D        E       F      G
               +--------+--------+--------+--------+--------+-----+--------+
         Total |   9656 |   9390 |    266 |   2422 |   5606 |   7 | 1379.4 |
       Dungeon |   9656 |   9390 |    266 |   2422 |   5606 |   7 | 1379.4 |
               +--------+--------+--------+--------+--------+-----+--------+

Top non-repeatable levels by time:
     D:5: 1709 daAuts
     D:3: 1587 daAuts
     D:2: 1506 daAuts
     D:7: 1451 daAuts
     D:1: 1285 daAuts
     D:6: 1211 daAuts
     D:4: 903 daAuts
